 Dungeon Crawl Stone Soup version 0.25-a0-55-g0753fd1ad2 (webtiles) character file.

Game seed: 8181712032242679321, levelgen mode: deterministic

269 Gargoyl the Skirmisher (level 6, -3/57 HPs)
             Began as a Draconian Abyssal Knight on Oct 25, 2019.
             Was a Believer of Lugonu.
             Slain by a phantom (8 damage)
             ... on level 4 of the Dungeon.
             The game lasted 00:04:03 (1692 turns).

Gargoyl the Skirmisher (Draconian Abyssal Knight)   Turns: 1692, Time: 00:04:04

Health: -3/57      AC:  8    Str: 16    XL:     6   Next: 1%
Magic:  8/8        EV: 10    Int: 11    God:    Lugonu [**....]
Gold:   201        SH:  7    Dex: 10    Spells: 5/5 levels left

rFire    . . .     SeeInvis .   d - +3 falchion (slice)
rCold    . . .     Gourm    .   h - +0 shield
rNeg     . . .     Faith    .   (armour unavailable)
rPois    .         Spirit   .   (helmet restricted)
rElec    .         Reflect  .   (no cloak)
rCorr    .         Harm     .   e - +1 pair of gloves
MR       .....                  (no boots)
Stlth    +.........             (no amulet)
HPRegen  0.19/turn              (no ring)
MPRegen  0.11/turn              (no ring)

@: lethally poisoned (-3 -> -3)
A: unfitting armour, dopey 1, robust 1, cold-blooded, AC +6
a: Depart the Abyss, Bend Space, Renounce Religion


You were on level 4 of the Dungeon.
You worshipped Lugonu.
Lugonu was pleased with you.
You were not hungry.

You visited 1 branch of the dungeon, and saw 4 of its levels.
You visited the Abyss 1 time.

You collected 201 gold pieces.

Inventory:

Hand Weapons
 a - a +1 hand axe
 d - a +3 falchion of slicing (weapon)
Armour
 e - a +1 pair of gloves (worn)
 h - a +0 shield (worn)
Scrolls
 j - 2 scrolls of identify
Potions
 f - a potion of mutation
Comestibles
 b - 6 rations
 c - 3 chunks of flesh


   Skills:
 + Level 4.3 Fighting
 + Level 2.4 Long Blades
 + Level 2.1 Axes
 * Level 3.6 Dodging
 + Level 0.4 Stealth
 + Level 1.6 Shields
 * Level 3.3 Invocations


You had 5 spell levels left.
You didn't know any spells.
Your spell library was empty.

Dungeon Overview and Level Annotations

Branches:
Dungeon (5/15)
 Temple: D:4-7

Altars:
The Shining One


Innate Abilities, Weirdness & Mutations

Your plain brown scales are hard. (AC +6)
You cannot fit into any form of body armour.
You are cold-blooded and may be slowed by cold attacks.
You are dopey. (Int -2)
You are robust. (+10% HP)


Message History

A phantom is nearby!
c - a chunk of flesh;
c - 3 chunks of flesh (gained 2)
You feel sick.
You closely miss the phantom.
The phantom is severely damaged.
The phantom blinks!
You start resting.
The phantom is too close now for your liking.
You feel sick.
Your shield prevents you from hitting the phantom.
The phantom is severely damaged.
You block the phantom's attack. The phantom closely misses you.
You closely miss the phantom.
The phantom is severely damaged.
The phantom hits you.
* * * LOW HITPOINT WARNING * * *
You slash the phantom!
The phantom is almost destroyed.
You feel sick. The phantom hits you!
You die...

#..†...##.....##...........
##.##..#.......#...........
# ##..#.......#...........
#....÷.._.....a.........
#...#.......#.h...##....
#...#.......#.....# ..
##..##.....##.....#
#..####W####.....#
#.....@..........#
#....##....#.....#
+.....##.>..###...#
##....##....###...#
#...........#....#
.............#....#
.##....##>....#.....
#....##.....# #....##.....#


You could see a phantom.

Vanquished Creatures
  A wyvern skeleton (D:5)
  A hound (D:4)
  A bullfrog skeleton (D:5)
  4 worker ants (D:4)
  An adder (D:2)
  2 oozes (D:1)
  A dart slug (D:1)
  3 bats
  5 giant cockroaches
  3 goblins
  7 hobgoblins
  10 jackals
  A quokka (D:5)
  2 frilled lizards
  6 kobolds
  4 rats
52 creatures vanquished.

Notes
Turn   | Place    | Note
-------+----------+-------------------------------------------
     0 | Abyss:1  | Gargoyl the Draconian Abyssal Knight began the quest for
                  | the Orb.
     0 | Abyss:1  | Reached XP level 1. HP: 19/19 MP: 2/2
    24 | Abyss:1  | Noticed an ancient zyme
    48 | Abyss:2  | Noticed a ynoxinul
    52 | Abyss:2  | Noticed a large abomination
   107 | Abyss:3  | Noticed a thrashing horror
   110 | D:1      | Escaped the Abyss
   209 | D:1      | Reached * piety under Lugonu
   213 | D:1      | Reached XP level 2. HP: 25/26 MP: 3/3
   329 | D:1      | Reached XP level 3. HP: 19/33 MP: 4/4
  1138 | D:2      | Reached ** piety under Lugonu
  1172 | D:2      | Reached skill level 1 in Long Blades
  1207 | D:2      | You fall into a shaft and drop 2 floors!
  1214 | D:4      | Reached skill level 1 in Shields
  1214 | D:4      | Reached XP level 4. HP: 35/40 MP: 6/6
  1221 | D:4      | Found a glowing golden altar of the Shining One.
  1229 | D:4      | Reached skill level 4 in Fighting
  1275 | D:4      | Noticed a phantom
  1302 | D:4      | Gained mutation: You are dopey. (Int -2) [potion of
                  | mutation]
  1302 | D:4      | Gained mutation: You are robust. (+10% HP) [potion of
                  | mutation]
  1304 | D:4      | Reached XP level 5. HP: 37/50 MP: 7/7
  1338 | D:5      | Entered Level 5 of the Dungeon
  1673 | D:4      | Reached XP level 6. HP: 24/57 MP: 8/8
  1692 | D:4      | Slain by a phantom

Levels and vault maps discovered:
D:1:      kennysheep_arrival_seaside, layout_basic
D:2:      layout_rooms, bh_walls_and_bars
D:4:      layout_gridville, old_standard_altar
D:5:      layout_rooms, minmay_temple_entry_grid, item_on_display_a

Table legend:
 A = Non-vault XP
 B = Vault XP
 C = Vault XP percentage of total XP
 D = Non-vault monster count
 E = Vault monster count
 F = Vault count percentage of total count
                 A         B        C        D         E       F
            +---------+---------+-------+---------+---------+-------
      Total |     385 |       0 |   0.0 |      52 |       0 |   0.0
            +---------+---------+-------+---------+---------+-------
        D:1 |      62 |       0 |   0.0 |      29 |       0 |   0.0
        D:2 |      31 |       0 |   0.0 |      12 |       0 |   0.0
        D:4 |     182 |       0 |   0.0 |       8 |       0 |   0.0
        D:5 |     110 |       0 |   0.0 |       3 |       0 |   0.0
            +---------+---------+-------+---------+---------+-------
